 Dungeon Crawl Stone Soup version 0.30-a0-634-g8abc85282e (webtiles) character file.

Game seed: 4783174819089177046

205 themarg the Insei (level 5, -2/41 HPs)
             Began as a Gnoll Transmuter on Jan 14, 2023.
             Was an Initiate of Hepliaklqana.
             Killed by divine providence
             ... invoked by an orc priest
              (14 damage)
             ... on level 3 of the Dungeon.
             The game lasted 00:04:25 (2086 turns).

themarg the Insei (Gnoll Transmuter)                Turns: 2086, Time: 00:04:26

Health: -2/41      AC:  2    Str: 10    XL:     5   Next: 83%
Magic:  8/12       EV: 22    Int: 14    God:    Hepliaklqana [......]
Gold:   165        SH:  0    Dex: 17    Spells: 6/14 levels left

rFire   . . .      SeeInvis .      - Unarmed
rCold   . . .      Faith    .    (shield currently unavailable)
rNeg    . . .      Spirit   .    (body armour currently unavailable)
rPois   x          Reflect  .    (helmet currently unavailable)
rElec   .          Harm     .    (cloak currently unavailable)
rCorr   .          Rampage  .    (gloves currently unavailable)
Will    .....                    (boots currently unavailable)
Stlth   ++                       (no amulet)
HPRegen 0.26/turn                (no ring)
MPRegen 0.13/turn                (no ring)

@: spider-form (expiring), wereblooded
A: venomous fangs, tiny, (fangs 1), strong nose, distributed training
a: End Transformation, Renounce Religion


You were on level 3 of the Dungeon.
You worshipped Hepliaklqana.
Hepliaklqana was noncommittal.
You were a venomous arachnid creature.
You visited 1 branch of the dungeon, and saw 3 of its levels.

You collected 165 gold pieces.

Inventory:

Missiles
 c - 17 stones
 p - 2 boomerangs
 v - 8 poisoned darts
Armour
 a - a +0 robe (melded)
 h - a +0 pair of gloves
 u - the +4 pair of gloves "Hiuczun" {rF+}
   (You found it on level 3 of the Dungeon)

   rF:        It protects you from fire.
Jewellery
 l - a ring of fire
 m - a +5 ring of evasion
Wands
 s - a wand of light (5)
Scrolls
 d - a scroll of enchant armour {unknown}
 f - a scroll of enchant weapon {unknown}
 i - 4 scrolls of teleportation {unknown}
 k - 3 scrolls of identify {unknown}
 o - a scroll of blinking {unknown}
 q - a scroll of vulnerability {unknown}
 r - a scroll of fog {unknown}
 w - a scroll of poison {unknown}
Potions
 b - a potion of lignification
 e - a potion of magic {unknown}
 g - a potion of attraction {unknown}
 j - a potion of curing {unknown}
 n - 2 potions of resistance {unknown}
 t - 4 potions of flight {unknown}
 x - a potion of haste {unknown}


   Skills:
 + Level 3.1 Fighting
 + Level 1.7 Short Blades
 + Level 1.7 Long Blades
 + Level 1.7 Axes
 + Level 1.7 Maces & Flails
 + Level 1.7 Polearms
 + Level 1.7 Staves
 + Level 1.7 Ranged Weapons
 + Level 1.7 Throwing
 + Level 1.7 Armour
 + Level 4.9 Dodging
 + Level 1.7 Stealth
 + Level 1.7 Shields
 + Level 6.7 Unarmed Combat
 + Level 5.3 Spellcasting
 + Level 1.3 Conjurations
 + Level 1.3 Hexes
 + Level 1.3 Summonings
 + Level 1.3 Necromancy
 + Level 1.3 Translocations
 + Level 4.0 Transmutations
 + Level 1.3 Fire Magic
 + Level 1.3 Ice Magic
 + Level 1.3 Air Magic
 + Level 1.3 Earth Magic
 + Level 1.3 Poison Magic
 + Level 2.0 Invocations
 + Level 1.7 Evocations


You had 6 spell levels left.
You knew the following spells:

 Your Spells              Type           Power      Damage    Failure   Level
a - Beastly Appendage     Tmut           30%        N/A       11%         1
b - Wereblood             Tmut           15%        N/A       14%         2
c - Spider Form           Tmut/Pois      11%        N/A       36%         3
B - Blink                 Tloc           14%        N/A       32%         2

Your spell library contained the following spells:

 Spells                   Type           Power      Damage    Failure   Level
 Momentum Strike          Conj/Tloc      14%        3d8       32%         2
 Lesser Beckoning         Tloc           14%        N/A       50%         3
 Ice Form                 Ice/Tmut       11%        N/A       71%         4


Dungeon Overview and Level Annotations

Branches:
Dungeon (3/15)

Altars:
Hepliaklqana
Xom
The Shining One


Innate Abilities, Weirdness & Mutations

You are a venomous arachnid creature.
You have venomous fangs.
You are tiny and dextrous.
Your spellcasting is less reliable in this form.
Your armour is entirely melded.
You are incapable of wielding weapons or throwing items.
((You have very sharp teeth.))
Your uncanny sense of smell can sniff out nearby items.
Your experience applies equally to all skills.


Message History

You turn into a venomous arachnid creature.
Your +0 robe melds into your body.
The orc shouts!
An orc priest comes into view. It is wielding a +0 falchion.
The hobgoblin closely misses you.
Your blood is infused with primal strength.
The hobgoblin misses you.
You hit the hobgoblin.
You kill the hobgoblin!
You hiss as the wereblood boils in your veins!
You hear a shout!
An orc priest comes into view. It is wielding a +0 dagger.
The orc priest shouts!
The orc barely misses you.
The orc priest looks satisfied for a moment.
The orc priest invokes the aid of Beogh against you.
Beogh smites you!
You see here a hobgoblin corpse.
You hit the orc.
The orc is poisoned.
The orc is moderately wounded.
The orc hits you with a +1 flail of protection.
The orc priest calls down the wrath of Beogh upon you.
Beogh smites you!
* * * LOW HITPOINT WARNING * * *
You barely miss the orc.
The orc is heavily wounded.
You hiss as the wereblood boils in your veins!
The orc closely misses you.
You bite the orc!
You feel a bit better.
You kill the orc!
Your transformation is almost over.
Your Invocations skill increases to level 2!
The orc misses you.
Things that are here:
a +1 flail of protection; an orc corpse You bite the orc!
You feel a bit better.
You kill the orc!
The orc priest mumbles some strange prayers to Beogh against you.
Beogh smites you!
You die...

#.#...####.#
#.#...#.##.#
#.#...#....#
#######.#...#.####
#.....#.###.#.#
#.###.#.....#.#
#.#.#.#######.#
#†#...# #.#
#s#.### #.# #
#o#.# #####.# ##
#.#.# #.....#.##
#o#.# ###.......##
#o#.###......#####
#.#...........)...
#.#####......##...
#.# #......##†..
#......##...


You could see 2 orc priests and an orc.

Vanquished Creatures
  A hound (D:3)
  Jessica (D:2)
  Natasha (thrice) (D:2)
  3 adders
  A worm (D:3)
  A dart slug (D:1)
  3 orcs (D:3)
  6 endoplasms
  3 goblins
  3 hobgoblins
  2 jackals (D:3)
  3 kobolds
  A quokka (D:2)
  6 ball pythons
  7 bats
  4 rats
48 creatures vanquished.

Notes
Turn   | Place    | Note
-------+----------+-------------------------------------------
     0 | D:1      | themarg the Gnoll Transmuter began the quest for the Orb.
     0 | D:1      | Reached XP level 1. HP: 17/17 MP: 6/6
   105 | D:1      | Reached XP level 2. HP: 18/23 MP: 5/7
   142 | D:1      | Learned a level 2 spell: Wereblood
   576 | D:2      | Found a glowing golden altar of the Shining One.
   609 | D:2      | Reached skill level 5 in Spellcasting
   609 | D:2      | Reached XP level 3. HP: 28/28 MP: 6/9
   615 | D:2      | Learned a level 3 spell: Spider Form
   618 | D:2      | Learned a level 2 spell: Blink
   697 | D:2      | Reached skill level 1 in Invocations
   876 | D:2      | Reached skill level 1 in Short Blades
   876 | D:2      | Reached skill level 1 in Long Blades
   876 | D:2      | Reached skill level 1 in Axes
   876 | D:2      | Reached skill level 1 in Maces & Flails
   876 | D:2      | Reached skill level 1 in Polearms
   876 | D:2      | Reached skill level 1 in Staves
   876 | D:2      | Reached skill level 1 in Ranged Weapons
   876 | D:2      | Reached skill level 1 in Throwing
   876 | D:2      | Reached skill level 1 in Armour
   876 | D:2      | Reached skill level 1 in Stealth
   876 | D:2      | Reached skill level 1 in Shields
   876 | D:2      | Reached skill level 1 in Evocations
   896 | D:2      | Noticed Natasha
   902 | D:2      | Killed Natasha
   903 | D:2      | Reached XP level 4. HP: 34/34 MP: 0/11
  1083 | D:2      | Noticed Natasha
  1091 | D:2      | Killed Natasha
  1092 | D:2      | Reached skill level 1 in Conjurations
  1092 | D:2      | Reached skill level 1 in Hexes
  1092 | D:2      | Reached skill level 1 in Summonings
  1092 | D:2      | Reached skill level 1 in Necromancy
  1092 | D:2      | Reached skill level 1 in Translocations
  1092 | D:2      | Reached skill level 1 in Fire Magic
  1092 | D:2      | Reached skill level 1 in Ice Magic
  1092 | D:2      | Reached skill level 1 in Air Magic
  1092 | D:2      | Reached skill level 1 in Earth Magic
  1092 | D:2      | Reached skill level 1 in Poison Magic
  1275 | D:2      | Noticed Jessica
  1280 | D:2      | Killed Jessica
  1281 | D:2      | Reached XP level 5. HP: 40/40 MP: 8/12
  1317 | D:2      | Noticed Natasha
  1339 | D:2      | Killed Natasha
  1791 | D:3      | Identified the +4 pair of gloves "Hiuczun" {rF+}
  1945 | D:3      | Found a shimmering altar of Xom.
  1946 | D:3      | Found a hazy altar of Hepliaklqana.
  1947 | D:3      | Noticed a spectral ugly thing
  1953 | D:3      | Became a worshipper of Hepliaklqana the Forgotten
  2086 | D:3      | Killed from afar by an orc priest

Illustrated notes

Levels and vault maps discovered:
D:1:      minmay_arrival_doors, layout_rooms, corner_web_ring
D:2:      layout_loops_ring, basic_altar, hex_tiny, grunt_decor_arrowhead,
          uniq_jessica, uniq_natasha
D:3:      layout_basic, regret_index_temple_of_mockery, fedhas_altar_2

Skill      XL: |  1  2  3  4  5 |
---------------+----------------+-----
Spellcasting   | 5 |  5.3
Invocations    | 1 2 |  2.0
Short Blades   | 1 |  1.7
Long Blades    | 1 |  1.7
Axes           | 1 |  1.7
Maces & Flails | 1 |  1.7
Polearms       | 1 |  1.7
Staves         | 1 |  1.7
Ranged Weapons | 1 |  1.7
Throwing       | 1 |  1.7
Armour         | 1 |  1.7
Stealth        | 1 |  1.7
Shields        | 1 |  1.7
Evocations     | 1 |  1.7
Conjurations   | 1 |  1.3
Hexes          | 1 |  1.3
Summonings     | 1 |  1.3
Necromancy     | 1 |  1.3
Translocations | 1 |  1.3
Fire Magic     | 1 |  1.3
Ice Magic      | 1 |  1.3
Air Magic      | 1 |  1.3
Earth Magic    | 1 |  1.3
Poison Magic   | 1 |  1.3
Fighting       | 3 |  3.1
Transmutations | 4 |  4.0
Dodging        | |  4.9
Unarmed Combat | |  6.7

Action                   |  1- 3 |  4- 6 || total
-------------------------+-------+-------++-------
Melee: Unarmed           |    56 |    60 ||   116
       Headbutt          |     9 |       ||     9
       Kick              |     9 |     1 ||    10
       Bite              |     1 |     2 ||     3
       Punch             |     1 |       ||     1
 Cast: Beastly Appendage |    17 |     3 ||    20
       Spider Form       |     3 |    10 ||    13
       Wereblood         |       |     1 ||     1
 Stab: Sleeping          |     2 |       ||     2
Armor: Robe              |     2 |     4 ||     6
       Skin              |       |     1 ||     1
Dodge: Dodged            |    37 |    39 ||    76

Table legend: (Time is in decaauts)
 A = Elapsed time spent in this place.
 B = Non-inter-level travel time spent in this place.
 C = Inter-level travel time spent in this place.
 D = Time resting spent in this place.
 E = Time spent auto-exploring this place.
 F = Levels seen in this place.
 G = Mean time per level.
                   A        B        C        D        E       F      G
               +--------+--------+--------+--------+--------+-----+--------+
         Total |   2076 |   2048 |     28 |      0 |   1707 |   3 |  692.0 |
       Dungeon |   2076 |   2048 |     28 |      0 |   1707 |   3 |  692.0 |
               +--------+--------+--------+--------+--------+-----+--------+

Top non-repeatable levels by time:
     D:2: 1180 daAuts
     D:1: 528 daAuts
     D:3: 367 daAuts
